 Dungeon Crawl Stone Soup version 0.28-a0-1415-g7c84da036a (webtiles) character file.

Game seed: 3637853357503306302

5 lonewolfV2 the Skirmisher (level 1, -3/20 HPs)
             Began as a Hill Orc Fighter on Jan 7, 2022.
             Slain by a worm (7 damage)
             ... on level 2 of the Dungeon.
             The game lasted 00:00:13 (248 turns).

lonewolfV2 the Skirmisher (Hill Orc Fighter)         Turns: 248, Time: 00:00:13

Health: -3/20      AC:  6    Str: 18    XL:     1   Next: 80%
Magic:  1/1        EV:  9    Int:  8    God:
Gold:   2          SH:  4    Dex: 10    Spells: 0/0 levels left

rFire   . . .      SeeInvis .   a - +0 war axe
rCold   . . .      Faith    .   c - +0 buckler
rNeg    . . .      Spirit   .   b - +0 scale mail
rPois   .          Reflect  .   (no helmet)
rElec   .          Harm     .   (no cloak)
rCorr   .          Rampage  .   (no gloves)
Will    .....                   (no boots)
Stlth   ..........              (no amulet)
HPRegen 0.06/turn               (no ring)
MPRegen 0.07/turn               (no ring)

@: no status effects
A: no striking features
a: no special abilities


You were on level 2 of the Dungeon.
You visited 1 branch of the dungeon, and saw 2 of its levels.

You collected 2 gold pieces.

Inventory:

Hand Weapons
 a - a +0 war axe (weapon)
Armour
 b - a +0 scale mail (worn)
 c - a +0 buckler (worn)
Potions
 d - a potion of might
 e - a potion of degeneration {unknown}


   Skills:
 + Level 3.7 Fighting
 + Level 2.7 Axes
 + Level 3.4 Armour
 + Level 3.5 Shields


You couldn't memorise any spells.
You didn't know any spells.
Your spell library was empty.

Dungeon Overview and Level Annotations

Branches:
Dungeon (1/15)

Altars:


Message History

There is an open door here.
There is an open door here.
Found a whip.
You see here a +0 whip.
e - a black potion You see here 12 arrows.
Found a stone staircase leading down.
Found a helmet.
There is a stone staircase leading down here.
Found 19 arrows.
A goblin comes into view. It is wielding a +0 dagger.
The goblin shouts!
A goblin comes into view. It is wielding a +0 dagger.
You see here 19 arrows.
The goblin shouts!
You barely miss the goblin. You slash the goblin!
You kill the goblin!
The goblin hits you but does no damage. The goblin hits you with a +0 dagger.
You slash the goblin!
You kill the goblin!
Things that are here:
a +0 dagger; a goblin corpse A sourceless malevolence fills the Dungeon...
You fall into a shaft and drop 1 floor!
The shaft crumbles and collapses.
As you open the door, it creaks loudly!
A worm and a hobgoblin come into view.
There are monsters nearby!
There is an open door here.
The hobgoblin closely misses you.
You slash the hobgoblin!
You kill the hobgoblin!
The worm bites you!
You see here a hobgoblin corpse.
You barely miss the worm. The worm bites you!
* * * LOW HITPOINT WARNING * * *
You slash the worm!
The worm is heavily wounded.
The worm bites you!
You die...

.. #. ###. ...
#########
#..####.......#
##..#..#...♣...#
##...#.##..≈.≈..#
#....†@.'.♣.≈.♣.#
##....w.#..≈.≈..#
#......#...♣...#
.........#.......#
###......#########
##.....# ##.#.##
#....


You could see a worm.

Vanquished Creatures
  A hobgoblin (D:2)
  A kobold (D:1)
  A ball python (D:1)
  2 goblins (D:1)
5 creatures vanquished.

Notes
Turn   | Place    | Note
-------+----------+-------------------------------------------
     0 | D:1      | lonewolfV2 the Hill Orc Fighter began the quest for the
                  | Orb.
     0 | D:1      | Reached XP level 1. HP: 19/19 MP: 1/1
   232 | D:1      | You fall into a shaft and drop 1 floor!
   248 | D:2      | Slain by a worm

Illustrated notes

Levels and vault maps discovered:
D:1:      giann_wishing_wells, layout_basic
D:2:      layout_loops_ring, basic_altar, kennysheep_generic_room_10,
          uniq_jessica, uniq_robin

Action                   || total
-------------------------++-------
Melee: War axe           ||    13
Armor: Scale mail        ||     6
Dodge: Dodged            ||     3
Block: Buckler           ||     2

Table legend: (Time is in decaauts)
 A = Elapsed time spent in this place.
 B = Non-inter-level travel time spent in this place.
 C = Inter-level travel time spent in this place.
 D = Time resting spent in this place.
 E = Time spent auto-exploring this place.
 F = Levels seen in this place.
 G = Mean time per level.
                   A        B        C        D        E       F      G
               +--------+--------+--------+--------+--------+-----+--------+
         Total |    252 |    252 |      0 |      0 |    212 |   2 |  126.0 |
       Dungeon |    252 |    252 |      0 |      0 |    212 |   2 |  126.0 |
               +--------+--------+--------+--------+--------+-----+--------+

Top non-repeatable levels by time:
     D:1: 236 daAuts
     D:2: 16 daAuts
